General information
- name: BNet
- type: Ladder team game (AT/RT)
- host: Battle.net
- saver: daW4rcraftThugs
map: DragonFalls
- players: 8
- length: 32:31
- speed: Fast
- version: 1.26 W3XP
- replay type: Public
» download(160 KB)
Players
team 1 (winner)
stay_or_leave (
blue | 37 APM | 1195 actions | 32:31)
4 Blademaster
2 Wind Walk
2 Critical Strike
3 Shadow Hunter
1 Hex
2 Healing Wave
» actions
| Assign group hotkey | 24 | |
| Basic commands | 25 | |
| Build / train | 65 | |
| Enter build submenu | 27 | |
| Enter hero's abilities submenu | 7 | |
| Give item / drop item | 2 | |
| Remove unit from queue | 2 | |
| Right click | 527 | |
| Select / deselect | 160 | |
| Select group hotkey | 267 | |
| Use ability | 89 | |
1195 total
» units
| Peon | 12 | |
| Grunt | 2 | |
| Furbolg Shaman | 1 | |
| Spirit Walker | 1 | |
| Shaman | 3 | |
| Troll Batrider | 4 | |
23 total
» upgrades
| Reinforced Defenses | 1 | |
| Shaman Training | 2 | |
| Spirit Walker Training | 1 | |
| Armor | 1 | |
| Witch Doctor Training | 1 | |
6 total
» buildings
| Altar of Storms | 1 | |
| Orc Burrow | 4 | |
| Barracks | 1 | |
| Stronghold | 1 | |
| Voodoo Lounge | 1 | |
| War Mill | 2 | |
| Fortress | 2 | |
| Spirit Lodge | 2 | |
| Beastiary | 1 | |
| Watch Tower | 6 | |
| Great Hall | 1 | |
22 total
» build order
00:08 Altar of Storms
00:17 Orc Burrow
01:00 Barracks
01:45 Orc Burrow
02:41 Stronghold
03:27 Orc Burrow
03:46 Voodoo Lounge
04:11 War Mill
04:34 Orc Burrow
06:05 Fortress
08:16 Spirit Lodge
08:19 Beastiary
09:24 Watch Tower
09:24 Watch Tower
09:48 Great Hall
10:11 Watch Tower
10:12 Watch Tower
11:56 Watch Tower
12:05 War Mill
13:16 Spirit Lodge
13:33 Watch Tower
» items
| Healing Salve | 5 | |
| Scroll of Speed | 2 | |
| Lesser Clarity Potion | 2 | |
| Boots of Speed | 1 | |
| Scroll of Town Portal | 2 | |
| Orb of Lightning | 1 | |
| Potion of Lesser Invulnerability | 1 | |
| Periapt of Vitality | 1 | |
| Scroll of Protection | 1 | |
| Scroll of Healing | 2 | |
| Potion of Invisibility | 1 | |
19 total
Gaguinho22 (
red | 30 APM | 982 actions | 32:31)
4 Demon Hunter
2 Evasion
2 Mana Burn
2 Keeper of the Grove
1 Entangling Roots
1 Thorns Aura
1 Warden
1 Shadow Strike
» actions
| Assign group hotkey | 11 | |
| Build / train | 47 | |
| Enter build submenu | 16 | |
| Enter hero's abilities submenu | 7 | |
| Give item / drop item | 1 | |
| Remove unit from queue | 1 | |
| Right click | 344 | |
| Select / deselect | 425 | |
| Select group hotkey | 84 | |
| Use ability | 43 | |
982 total
» units
| Wisp | 13 | |
| Archer | 9 | |
| Druid of the Talon | 6 | |
28 total
» upgrades
| Druid of the Talon Training | 2 | |
| Well Spring | 1 | |
3 total
» buildings
| Ancient of War | 1 | |
| Moon Well | 5 | |
| Altar of Elders | 1 | |
| Tree of Ages | 1 | |
| Ancient of Wind | 3 | |
| Tree of Eternity | 1 | |
| Ancient of Wonders | 1 | |
| Hunter's Hall | 1 | |
14 total
» build order
00:34 Ancient of War
00:35 Moon Well
00:44 Altar of Elders
01:15 Moon Well
03:22 Tree of Ages
04:39 Moon Well
04:39 Moon Well
06:12 Ancient of Wind
06:12 Ancient of Wind
06:13 Ancient of Wind
06:20 Tree of Eternity
07:33 Ancient of Wonders
09:41 Moon Well
11:37 Hunter's Hall
» items
| Scroll of Town Portal | 1 | |
| Orb of Venom | 1 | |
| Potion of Healing | 1 | |
3 total
daW4rcraftThugs (
yellow | 85 APM | 2769 actions | 32:31)
4 Blademaster
2 Wind Walk
2 Critical Strike
» actions
| Assign group hotkey | 157 | |
| Basic commands | 286 | |
| Build / train | 110 | |
| Enter build submenu | 39 | |
| Enter hero's abilities submenu | 4 | |
| Give item / drop item | 5 | |
| Right click | 931 | |
| Select / deselect | 338 | |
| Select group hotkey | 742 | |
| Use ability | 157 | |
2769 total
» units
| Peon | 21 | |
| Grunt | 11 | |
| Goblin Shredder | 3 | |
| Wind Rider | 8 | |
| Green Dragon | 3 | |
| Kodo Beast | 1 | |
47 total
» upgrades
| Armor | 3 | |
| Ranged Weapons | 3 | |
| Berserker Strength | 1 | |
| Pillage | 1 | |
| Envenomed Spears | 1 | |
| Reinforced Defenses | 1 | |
| Spiked Barricades | 3 | |
| Liquid Fire | 1 | |
| Troll Regeneration | 1 | |
| Berserker Upgrade | 1 | |
| Burning Oil | 1 | |
| Melee Weapons | 1 | |
| War Drums Damage Increase | 1 | |
19 total
» buildings
| Orc Burrow | 7 | |
| Altar of Storms | 1 | |
| Barracks | 1 | |
| Voodoo Lounge | 1 | |
| War Mill | 1 | |
| Great Hall | 3 | |
| Stronghold | 3 | |
| Fortress | 2 | |
| Beastiary | 2 | |
| Watch Tower | 24 | |
45 total
» build order
00:14 Orc Burrow
00:38 Altar of Storms
01:07 Barracks
01:37 Orc Burrow
01:58 Voodoo Lounge
02:47 War Mill
03:38 Orc Burrow
04:18 Great Hall
04:32 Stronghold
04:32 Stronghold
06:05 Orc Burrow
08:19 Fortress
08:19 Fortress
08:24 Beastiary
08:27 Beastiary
09:21 Watch Tower
09:22 Watch Tower
09:25 Watch Tower
09:30 Watch Tower
09:32 Watch Tower
09:33 Watch Tower
12:35 Orc Burrow
12:38 Orc Burrow
13:00 Watch Tower
13:01 Watch Tower
13:02 Watch Tower
13:23 Great Hall
13:25 Watch Tower
13:26 Watch Tower
15:05 Watch Tower
15:06 Watch Tower
15:08 Watch Tower
15:09 Watch Tower
15:20 Watch Tower
15:21 Watch Tower
16:20 Orc Burrow
17:56 Watch Tower
20:49 Watch Tower
20:51 Watch Tower
22:21 Great Hall
23:27 Watch Tower
23:28 Watch Tower
23:29 Watch Tower
23:30 Watch Tower
» items
| Healing Salve | 3 | |
| Periapt of Vitality | 1 | |
| Boots of Speed | 1 | |
| Scroll of Town Portal | 2 | |
| Lesser Clarity Potion | 1 | |
| Orb of Lightning | 1 | |
| Tiny Great Hall | 1 | |
10 total
desertsong (
teal | 31 APM | 995 actions | 32:31)
9 Blademaster
3 Wind Walk
3 Critical Strike
1 Bladestorm
2 Mirror Image
» actions
| Assign group hotkey | 19 | |
| Basic commands | 17 | |
| Build / train | 57 | |
| Enter build submenu | 40 | |
| Enter hero's abilities submenu | 9 | |
| Give item / drop item | 6 | |
| Remove unit from queue | 2 | |
| Right click | 384 | |
| Select / deselect | 217 | |
| Select group hotkey | 137 | |
| Use ability | 106 | |
995 total
» units
» upgrades
| Armor | 2 | |
| Pillage | 1 | |
| Spiked Barricades | 3 | |
| Reinforced Defenses | 1 | |
| Burning Oil | 1 | |
8 total
» buildings
| Altar of Storms | 1 | |
| Orc Burrow | 6 | |
| Barracks | 1 | |
| Voodoo Lounge | 1 | |
| War Mill | 1 | |
| Stronghold | 1 | |
| Watch Tower | 21 | |
| Beastiary | 2 | |
| Fortress | 1 | |
| Great Hall | 2 | |
| Spirit Lodge | 4 | |
41 total
» build order
00:19 Altar of Storms
00:24 Orc Burrow
00:58 Barracks
01:34 Orc Burrow
01:50 Voodoo Lounge
03:16 Orc Burrow
04:59 War Mill
05:01 Stronghold
05:38 Orc Burrow
06:21 Watch Tower
07:20 Orc Burrow
08:56 Beastiary
08:57 Beastiary
09:59 Fortress
10:01 Great Hall
10:06 Watch Tower
10:06 Watch Tower
10:07 Watch Tower
10:08 Watch Tower
11:03 Orc Burrow
11:19 Watch Tower
11:20 Watch Tower
11:21 Watch Tower
11:21 Watch Tower
11:49 Watch Tower
12:27 Watch Tower
12:28 Watch Tower
12:31 Watch Tower
12:44 Watch Tower
13:50 Watch Tower
13:51 Watch Tower
13:54 Watch Tower
14:00 Watch Tower
23:07 Great Hall
23:16 Spirit Lodge
23:17 Spirit Lodge
23:18 Spirit Lodge
23:18 Spirit Lodge
24:47 Watch Tower
24:47 Watch Tower
24:47 Watch Tower
» items
| Healing Salve | 4 | |
| Scroll of Speed | 1 | |
| Circlet of Nobility | 2 | |
| Boots of Speed | 1 | |
| Staff of Teleportation | 1 | |
| Lesser Clarity Potion | 1 | |
| Orb of Lightning | 1 | |
11 total
team 2 (loser)
showtime (
green | 63 APM | 906 actions | 14:16)
4 Blademaster
2 Wind Walk
2 Critical Strike
» actions
| Assign group hotkey | 15 | |
| Basic commands | 50 | |
| Build / train | 49 | |
| ESC pressed | 2 | |
| Enter build submenu | 12 | |
| Enter hero's abilities submenu | 4 | |
| Give item / drop item | 4 | |
| Right click | 358 | |
| Select / deselect | 153 | |
| Select group hotkey | 186 | |
| Use ability | 73 | |
906 total
» units
» upgrades
| Melee Weapons | 2 | |
| Pillage | 1 | |
| Ensnare | 1 | |
| Armor | 1 | |
| Spiked Barricades | 1 | |
6 total
» buildings
| Altar of Storms | 1 | |
| Orc Burrow | 5 | |
| Voodoo Lounge | 1 | |
| Stronghold | 2 | |
| War Mill | 1 | |
| Beastiary | 3 | |
| Fortress | 1 | |
14 total
» build order
00:11 Altar of Storms
00:22 Orc Burrow
00:52 Voodoo Lounge
02:34 Stronghold
02:46 War Mill
03:10 Orc Burrow
03:54 Orc Burrow
05:04 Beastiary
05:09 Beastiary
05:19 Beastiary
09:25 Orc Burrow
09:52 Fortress
13:45 Orc Burrow
» items
| Healing Salve | 1 | |
| Lesser Clarity Potion | 3 | |
| Scroll of Speed | 1 | |
| Circlet of Nobility | 3 | |
| Boots of Speed | 1 | |
| Potion of Mana | 2 | |
| Potion of Healing | 1 | |
12 total

»
garfieldjohnson (
purple | 49 APM | 562 actions | 11:29)
2 Mountain King
1 Storm Bolt
1 Bash
1 Paladin
1 Holy Light
» actions
| Assign group hotkey | 15 | |
| Basic commands | 1 | |
| Build / train | 35 | |
| Enter build submenu | 18 | |
| Enter hero's abilities submenu | 3 | |
| Remove unit from queue | 1 | |
| Right click | 174 | |
| Select / deselect | 113 | |
| Select group hotkey | 171 | |
| Use ability | 31 | |
562 total
» units
| Peasant | 7 | |
| Footman | 2 | |
| Rifleman | 9 | |
18 total
» upgrades
» buildings
| Altar of Kings | 1 | |
| Farm | 6 | |
| Barracks | 1 | |
| Arcane Vault | 1 | |
| Scout Tower | 4 | |
| Blacksmith | 1 | |
| Arcane Tower | 1 | |
| Lumber Mill | 1 | |
| Guard Tower | 1 | |
| Keep | 1 | |
| Workshop | 1 | |
| Arcane Sanctum | 1 | |
20 total
» build order
00:16 Altar of Kings
00:23 Farm
00:40 Barracks
00:57 Farm
01:29 Arcane Vault
01:44 Scout Tower
02:17 Blacksmith
02:20 Arcane Tower
02:41 Farm
03:12 Scout Tower
03:17 Scout Tower
03:19 Scout Tower
03:49 Lumber Mill
04:28 Farm
04:44 Guard Tower
06:21 Keep
07:35 Farm
07:54 Farm
09:08 Workshop
10:08 Arcane Sanctum
» items
| Scroll of Regeneration | 4 | |
| Lesser Clarity Potion | 2 | |
6 total
THEISLANDOFGAYS (
pink | 44 APM | 1430 actions | 32:31)
3 Blademaster
2 Wind Walk
1 Critical Strike
1 Shadow Hunter
1 Hex
» actions
| Assign group hotkey | 26 | |
| Basic commands | 13 | |
| Build / train | 63 | |
| Enter build submenu | 20 | |
| Enter hero's abilities submenu | 4 | |
| Give item / drop item | 6 | |
| Remove unit from queue | 2 | |
| Right click | 532 | |
| Select / deselect | 252 | |
| Select group hotkey | 432 | |
| Use ability | 80 | |
1430 total
» units
| Peon | 14 | |
| Grunt | 3 | |
| Goblin Shredder | 4 | |
| Wind Rider | 2 | |
| Troll Batrider | 4 | |
| Raider | 4 | |
| Goblin Sapper | 4 | |
35 total
» upgrades
| Reinforced Defenses | 1 | |
| Ranged Weapons | 2 | |
| Armor | 2 | |
| Liquid Fire | 1 | |
6 total
» buildings
| Altar of Storms | 1 | |
| Orc Burrow | 5 | |
| Barracks | 1 | |
| Voodoo Lounge | 1 | |
| Stronghold | 2 | |
| Great Hall | 1 | |
| War Mill | 1 | |
| Fortress | 1 | |
| Watch Tower | 24 | |
| Beastiary | 3 | |
| Guard Tower | 1 | |
41 total
» build order
00:07 Altar of Storms
00:20 Orc Burrow
00:37 Barracks
01:22 Orc Burrow
02:05 Voodoo Lounge
03:02 Stronghold
03:37 Orc Burrow
04:33 Great Hall
04:47 War Mill
05:25 Fortress
07:10 Watch Tower
07:11 Watch Tower
07:11 Watch Tower
07:38 Watch Tower
07:38 Watch Tower
07:58 Watch Tower
08:06 Beastiary
08:32 Beastiary
08:46 Watch Tower
08:47 Watch Tower
08:48 Watch Tower
09:11 Watch Tower
09:12 Watch Tower
09:13 Watch Tower
09:13 Watch Tower
11:29 Beastiary
12:55 Orc Burrow
12:56 Orc Burrow
14:30 Watch Tower
14:30 Watch Tower
14:31 Watch Tower
14:31 Watch Tower
14:31 Watch Tower
14:37 Watch Tower
14:37 Watch Tower
14:37 Watch Tower
14:39 Watch Tower
15:08 Guard Tower
15:27 Watch Tower
15:28 Watch Tower
» items
| Healing Salve | 2 | |
| Scroll of Regeneration | 1 | |
| Lesser Clarity Potion | 1 | |
| Staff of Teleportation | 1 | |
| Potion of Lesser Invulnerability | 1 | |
| Orb of Lightning | 1 | |
| Tiny Great Hall | 1 | |
| Scroll of Town Portal | 1 | |
| Potion of Healing | 1 | |
10 total
Ian_Thomson (
orange | 62 APM | 930 actions | 14:55)
1 Archmage
1 Summon Water Elemental
1 Paladin
1 Holy Light
» actions
| Assign group hotkey | 92 | |
| Basic commands | 21 | |
| Build / train | 78 | |
| Enter build submenu | 29 | |
| Enter hero's abilities submenu | 2 | |
| Right click | 370 | |
| Select / deselect | 124 | |
| Select group hotkey | 163 | |
| Use ability | 51 | |
930 total
» units
| Peasant | 15 | |
| Rifleman | 9 | |
| Knight | 4 | |
| Mortar Team | 2 | |
30 total
» upgrades
| Masonry | 3 | |
| Long Rifles | 2 | |
| Lumber Harvesting | 2 | |
| Gunpowder | 1 | |
| Animal War Training | 1 | |
| Plating | 2 | |
| Swords | 1 | |
12 total
» buildings
| Farm | 12 | |
| Lumber Mill | 3 | |
| Altar of Kings | 1 | |
| Scout Tower | 8 | |
| Arcane Tower | 1 | |
| Guard Tower | 8 | |
| Arcane Vault | 1 | |
| Keep | 5 | |
| Blacksmith | 1 | |
| Barracks | 1 | |
| Castle | 3 | |
44 total
» build order
00:27 Farm
00:42 Lumber Mill
01:08 Altar of Kings
01:12 Farm
01:42 Scout Tower
01:54 Scout Tower
02:10 Arcane Tower
02:21 Guard Tower
02:25 Arcane Vault
03:12 Keep
03:12 Keep
03:12 Keep
03:13 Keep
03:27 Lumber Mill
03:48 Lumber Mill
04:01 Blacksmith
04:03 Barracks
04:33 Farm
05:12 Scout Tower
05:19 Farm
05:37 Castle
05:50 Scout Tower
05:55 Guard Tower
05:55 Guard Tower
05:55 Guard Tower
06:04 Farm
06:32 Guard Tower
06:44 Scout Tower
06:46 Scout Tower
07:15 Guard Tower
07:34 Guard Tower
09:28 Farm
09:44 Scout Tower
10:06 Scout Tower
10:09 Farm
12:58 Farm
13:00 Farm
13:07 Castle
13:07 Castle
13:49 Farm
13:54 Farm
14:18 Farm
» items
| Mechanical Critter | 2 | |
| Orb of Fire | 1 | |
| Scroll of Regeneration | 1 | |
| Scroll of Town Portal | 1 | |
| Potion of Healing | 1 | |
6 total
Chat log
(00:27 / Allies) stay_or_leave: units?
(00:31 / Allies) stay_or_leave: 3 orc
(00:40 / Allies) daW4rcraftThugs: yeah
(01:14 / Allies) stay_or_leave: ok lets mix units
(01:22 / Allies) stay_or_leave: typical grubby fly army
(01:30 / Allies) daW4rcraftThugs: "typical grubby fly army" lol
(01:32 / Allies) daW4rcraftThugs: this is 4v4 rt
(01:38 / All) THEISLANDOFGAYS: anyone else been to gay island
(01:42 / Allies) stay_or_leave: where people get tauren or bat only
(01:45 / Allies) daW4rcraftThugs: do you expect most players to even know pro players
(02:03 / Allies) daW4rcraftThugs: especially when the pro scene is beyond dead
(02:10 / Allies) stay_or_leave: you're not looking at WCA?
(02:26 / Allies) daW4rcraftThugs: why would I
(02:27 / Allies) Gaguinho22: bm´s go harras
(02:30 / Allies) stay_or_leave: the 3 big tank/tower/footmen retards all died
(02:31 / Allies) daW4rcraftThugs: everyone who knows how to play learned years ago
(02:34 / Allies) stay_or_leave: yoiu'll enjoy it
(02:53 / Allies) daW4rcraftThugs: not sure why I'd be looking at that shit now
(03:50 / Allies) daW4rcraftThugs: let's creep the expo blue?
(03:56 / Allies) stay_or_leave: spiders first
(04:01 / Allies) daW4rcraftThugs: yes I know
(04:43 / Allies) daW4rcraftThugs: ty for salve
(05:11 / Allies) daW4rcraftThugs: teal let's creep this?
(06:49 / Allies) daW4rcraftThugs: you want shredder?
(06:50 / Allies) daW4rcraftThugs: or can I take
(06:54 / Allies) desertsong: u
(07:05 / Allies) daW4rcraftThugs: ty
(07:22 / Allies) stay_or_leave: ff the mana burn tard
(09:12 / Allies) stay_or_leave: raiders
(09:13 / Allies) stay_or_leave: tower up
(12:11 / All) THEISLANDOFGAYS: lol
(12:14 / All) THEISLANDOFGAYS: green oj tking each other
(12:20 / All) stay_or_leave: because?
(12:36 / Allies) stay_or_leave: wood plz
(12:42 / All) Ian_Thomson: little kids cant handle honest evaluation very well
(13:13 / Allies) Gaguinho22: hit?
(13:23 / Allies) stay_or_leave: if we even need to
(13:25 / All) THEISLANDOFGAYS: i dunno really to be honest lawl
(13:26 / Allies) desertsong: idk seems risky
(13:29 / Allies) daW4rcraftThugs: yeah
(13:33 / Allies) daW4rcraftThugs: we should just lay back imo
(13:34 / Allies) daW4rcraftThugs: sounds risky
(13:43 / All) THEISLANDOFGAYS: oj says raiders suck
(13:50 / All) stay_or_leave: they do
(13:55 / All) stay_or_leave: tell me what they do in a fight
(13:56 / All) stay_or_leave: ?
(14:04 / All) stay_or_leave: stand in front line take normal dmg with medium armor
(14:05 / All) Ian_Thomson: as i said before cant hanlde the truth
(14:09 / All) stay_or_leave: take up room that tauren need
(14:15 / All) stay_or_leave: deal 0 damage
(14:35 / All) daW4rcraftThugs: Blue bases all his knowledge of 4v4 RT on pro games lol
(14:42 / All) daW4rcraftThugs: talks about fly/grubby strats in 4v4
(14:46 / All) Ian_Thomson: cyan two total iidots
(15:15 / All) THEISLANDOFGAYS: freaking babies wow
(15:19 / All) THEISLANDOFGAYS: the game was even too
(15:29 / All) stay_or_leave: no it wasn't one person was making raider (= afking)
(17:13 / Allies) Gaguinho22: pink massing wyrvs
(17:15 / Allies) stay_or_leave: pink is afk..I'm going to afk too
(17:18 / Allies) stay_or_leave: brb in 25 min
(17:22 / Allies) daW4rcraftThugs: I'm tking
(17:23 / Allies) daW4rcraftThugs: you lose blue
(17:28 / Allies) daW4rcraftThugs: thanks for the base though
(17:42 / Allies) Gaguinho22: lol
(17:43 / Allies) daW4rcraftThugs: Tryhard esports faggot going to come back to a loss
(18:23 / Allies) Gaguinho22: wtf yellow
(18:28 / Allies) daW4rcraftThugs: Blue loses
(18:32 / Allies) daW4rcraftThugs: you're collateral damage
(19:09 / All) daW4rcraftThugs: Free win for you pink
(19:11 / All) daW4rcraftThugs: Blue has to lose
(19:16 / All) daW4rcraftThugs: The faggot just went AFK
(19:19 / All) THEISLANDOFGAYS: wish blue hads more manner
(19:20 / All) daW4rcraftThugs: said back in 25 mins lol
(19:24 / All) daW4rcraftThugs: and he's a tryhard esports bitch
(20:01 / Allies) Gaguinho22: teal?
(20:08 / Allies) desertsong: wat
(20:16 / Allies) Gaguinho22: units? lol
(20:20 / Allies) Gaguinho22: 7k gold
(20:24 / All) THEISLANDOFGAYS: me wwant u lvl 6
(20:32 / Allies) desertsong: bout to make something h/o
(21:55 / All) desertsong: lol pink bat NOOB
(21:57 / All) daW4rcraftThugs: don't see where blue's 3 food is
(22:30 / All) daW4rcraftThugs: Blue has 3 food somewhere
(22:42 / All) THEISLANDOFGAYS: spirit walker nab
(23:19 / All) THEISLANDOFGAYS: i sure hope i get anime for xmas
(23:27 / All) THEISLANDOFGAYS: anime porn also
(23:46 / All) daW4rcraftThugs: I guess mea nd chode have to kill our stuff now
(23:51 / All) daW4rcraftThugs: since red won't leave and blue afk
(23:54 / All) daW4rcraftThugs: your team all left
(23:57 / All) desertsong: jokes on u cuz i have nothing
(24:07 / All) THEISLANDOFGAYS: well fuck me in the ass, i guess ill go watch tv til ur done
(24:13 / All) daW4rcraftThugs: won't take long
(24:15 / All) daW4rcraftThugs: wtf lol
(24:17 / All) daW4rcraftThugs: don't go watch tv
(24:24 / All) THEISLANDOFGAYS: the ass or tv part?
(25:00 / All) THEISLANDOFGAYS: this game was kinda sucky; i want fullscale or market
(25:09 / All) desertsong: yea kinda bland
(25:11 / All) THEISLANDOFGAYS: oj and green wanted to tk each other at start
(25:26 / Allies) desertsong: altqq?
(25:36 / Allies) daW4rcraftThugs: you can wait in channel if you want
(26:04 / All) desertsong: ill just go eat a sandwich brb
(26:45 / All) daW4rcraftThugs: Spiked barricades works on allied units lawl
(26:47 / All) daW4rcraftThugs: didn't knwo that
(27:21 / All) daW4rcraftThugs: nvm
(27:28 / All) daW4rcraftThugs: it was dragon splash hurting my bm I'm just retarded
(28:32 / All) daW4rcraftThugs: wish chode had gave me control
(28:37 / All) daW4rcraftThugs: his shit isn't queued to self destruct
(29:01 / All) daW4rcraftThugs: Jake
(29:04 / All) daW4rcraftThugs: Help kill chode's stuff
(29:10 / All) daW4rcraftThugs: hit bot mid expo
(29:11 / All) daW4rcraftThugs: it's soft
(29:28 / All) daW4rcraftThugs: jake?
(29:33 / All) daW4rcraftThugs: wow both of you are afk
(31:24 / All) desertsong: the stab within the stab: everyone is afk
(32:19 / All) daW4rcraftThugs: Anyhing to say for yourselves red and blue?